 Dungeon Crawl Stone Soup version 0.32-a0-30-gefbe487952 (webtiles) character file.

Game seed: 6830744384388576848

4589 gruber the Fighter (level 10, -9/110 HPs)
             Began as an Oni Shapeshifter on Jan 19, 2024.
             Was an Initiate of Gozag.
             Mangled by a two-headed ogre
             ... wielding a +0 giant club
              (21 damage)
             ... on level 7 of the Dungeon.
             The game lasted 00:10:11 (8749 turns).

gruber the Fighter (Oni Shapeshifter)               Turns: 8749, Time: 00:10:11

Health: -9/110     AC:  5    Str: 24    XL:     10   Next: 41%
Magic:  10/10      EV: 11    Int: 17    God:    Gozag
Gold:   765        SH:  0    Dex:  8    Spells: 7/9 levels left

rFire   . .          .
                       - Unarmed
rCold   + . .        (no shield)
rNeg    . . .        j - +2 robe {rC+}
rPois   +            (helmet currently unavailable)
rElec   .            (cloak currently unavailable)
rCorr   .            (gloves unavailable)
SInv    .            (boots unavailable)
Will    +....        (no amulet)
Stlth   +            n - +6 ring of intelligence
HPRegen 0.38/turn    r - ring of poison resistance
MPRegen 0.12/turn

%: no passive effects
@: beast-form
A: beast (slay +4), large, unfitting armour, horns 1, tough skin 1, double
potion healing, drunken brawling
a: Begin Untransformation, Renounce Religion, Potion Petition, Call Merchant,
Bribe Branch


You were on level 7 of the Dungeon.
You worshipped Gozag.
Gozag was pleased with you.
You were a hulking beast.
You visited 2 branches of the dungeon, and saw 9 of its levels.

You collected 891 gold pieces.
You paid 126 gold pieces to Gozag.

Inventory:

Armour
 j - a +2 robe of cold resistance (worn)
 t - a +0 cloak
 u - a +0 kite shield
Jewellery
 n - a +6 ring of intelligence (left hand)
 o - an amulet of magic regeneration
 p - a ring of fire
 r - a ring of poison resistance (right hand)
 A - a ring of ice
Talismans
 c - a beast talisman
 d - a flux talisman
Wands
 i - a wand of flame (15)
Scrolls
 a - 2 scrolls of teleportation {unknown}
 k - 2 scrolls of noise {unknown}
 m - 4 scrolls of revelation {unknown}
 q - a scroll of fog {unknown}
 s - 2 scrolls of identify {unknown}
 w - 2 scrolls of silence {unknown}
 x - a scroll of vulnerability {unknown}
 y - a scroll of enchant armour {unknown}
 D - a scroll of fear {unknown}
Potions
 b - 2 potions of lignification
 e - 6 potions of curing {unknown}
 f - 3 potions of mutation {unknown}
 g - 2 potions of haste {unknown}
 h - 5 potions of heal wounds {unknown}
 l - a potion of resistance {unknown}
 v - a potion of brilliance {unknown}
 z - a potion of enlightenment {unknown}
 B - a potion of degeneration {unknown}
 C - a potion of magic {unknown}


   Skills:
 - Level 10.0 Fighting
 - Level 6.0 Dodging
 - Level 8.0 Unarmed Combat
 + Level 2.9 Evocations
 - Level 7.0 Shapeshifting


You had 7 spell levels left.
You knew the following spells:

 Your Spells              Type           Power      Damage    Failure   Level
a - Blink                 Tloc           0%         N/A       34%         2

Your spell library contained the following spells:

 Spells                   Type           Power      Damage    Failure   Level
 Magic Dart               Conj           0%         1d3       24%         1
 Call Imp                 Summ           0%         N/A       34%         2
 Ensorcelled Hibernation  Hex/Ice        0%         N/A       34%         2
 Searing Ray              Conj           0%         2d4       34%         2
 Sublimation of Blood     Necr           0%         N/A       34%         2
 Fugue of the Fallen      Necr           0%         N/A       56%         3
 Tukima's Dance           Hex            0%         N/A       56%         3
 Anguish                  Hex/Necr       0%         N/A       93%         4
 Dimensional Bullseye     Hex/Tloc       0%         N/A       93%         4
 Iskenderun's Mystic Bla  Conj/Tloc      0%         2d3       93%         4
 Petrify                  Alch/Erth      0%         N/A       93%         4
 Fireball                 Conj/Fire      0%         3d3       100%        5
 Irradiate                Conj/Alch      0%         3d11      100%        5
 Bombard                  Conj/Erth      0%         9d1       100%        6
 Orb of Destruction       Conj           0%         9d5       100%        7


Dungeon Overview and Level Annotations

Branches:
Dungeon (8/15)             Temple (1/1) D:6
   Lair: D:8-11

Altars:
Ashenzari
Cheibriados
Dithmenos
Elyvilon
Fedhas
Gozag
Hepliaklqana
Makhleb
Nemelex Xobeh
Okawaru
Qazlal
Ru
Sif Muna
Uskayaw
Vehumet
Wu Jian
Yredelemnul
Zin
The Shining One

Shops:
D:2 [

Annotations:
D:2 1 runed translucent door, Crazy Yiuf


Innate Abilities, Weirdness & Mutations

You are a hulking beast.
Your limbs bulge with bestial killing power. (Slay +4)
You are too large for most types of armour.
You have a pair of small horns on your head.
You have tough skin. (AC +1)
You gain doubled healing and magic from potions.
Whenever you drink a healing potion, you attack all around you.


Message History

Unknown command.
Aiming: Throw Flame
Press: ? - help, Shift-Dir - straight line, f/p - two-headed ogre
Aim: a two-headed ogre, wielding two +0 giant clubs (lightly wounded, 86% to hit)
The puff of flame hits the two-headed ogre.
The two-headed ogre is moderately wounded.
A deep elf pyromancer comes into view. It is wielding a +0 dagger.
Aiming: Throw Flame
Press: ? - help, Shift-Dir - straight line, f/p - two-headed ogre
Aim: a two-headed ogre, wielding two +0 giant clubs (moderately wounded, 86% to hit)
The puff of flame hits the two-headed ogre.
The two-headed ogre is moderately wounded.
Unknown command.
Unknown command.
The deep elf pyromancer mumbles some strange words.
The two-headed ogre attacks as it pursues you!
The two-headed ogre hits you with a +0 giant club! x2
The two-headed ogre attacks as it pursues you!
The two-headed ogre hits you with a +0 giant club.
The two-headed ogre hits you with a +0 giant club!
There is a stone staircase leading up here.
The two-headed ogre hits you with a +0 giant club! x2
You climb upwards.
There is a stone staircase leading down here.
Unknown command.
You are too injured to fight recklessly!
You are too injured to fight recklessly!
You barely miss the two-headed ogre.
The two-headed ogre is moderately wounded.
The two-headed ogre hits you with a +0 giant club!
* * * LOW HITPOINT WARNING * * *
The two-headed ogre hits you with a +0 giant club!
* * * LOW HITPOINT WARNING * * *
You hit the two-headed ogre.
The two-headed ogre is moderately wounded.
You completely miss the two-headed ogre.
The two-headed ogre is moderately wounded.
The two-headed ogre hits you with a +0 giant club!!
You die...
Your body crumbles into a pile of gold.

.............##....##.>.#........
##.......#...#.<####.............
###.....#...........##.#........
#...................####.#..#..
##...(........##.##.......#....#
#......8.8........##......#...##
##................###.###......#
####....8.8....O...##..###.#.....
.###...........^h...#.##.#.#....#
..#.....8.8...........##...##....
..#.......................>[...##
.....#.#............###..##..###
.....#.##.....>.(...###...#.#####
..##........#.###....<#......##..
#####....####...##...............
#...##.##.....##..##......#....
###..###.##...#..#.####....###...


You could see a two-headed ogre.

Vanquished Creatures
  2 cyclopes (D:8)
  2 hornets (D:7)
  Grinder (D:6)
  Sigmund (D:2)
  Eustachio (D:4)
  2 steam dragons
  Menkaure (D:4)
  2 sky beasts (D:6)
  2 orc warriors (D:8)
  2 ice beasts
  2 centaurs
  2 ogres (D:6)
  2 phantoms
  A bullfrog (D:8)
  A gnoll sergeant (D:6)
  4 scorpions
  7 wights
  3 killer bees (D:8)
  A bullfrog zombie (D:7)
  3 orc priests
  4 bombardier beetles
  A hound (D:5)
  A jelly (D:6)
  3 iguanas
  A killer bee zombie (D:7)
  7 adders
  7 gnolls
  4 white imps
  2 ufetubi (D:7)
  4 dart slugs
  10 orcs
  6 bats
  9 endoplasms
  7 giant cockroaches
  15 goblins
  12 hobgoblins
  5 jackals
  9 kobolds
  A quokka (D:3)
  4 ball pythons
  4 frilled lizards
  8 rats
166 creatures vanquished.

Notes
Turn   | Place    | Note
-------+----------+-------------------------------------------
     0 | D:1      | gruber the Oni Shapeshifter began the quest for the Orb.
     0 | D:1      | Reached XP level 1. HP: 19/19 MP: 1/1
   251 | D:1      | Reached XP level 2. HP: 27/27 MP: 2/2
   636 | D:1      | Reached XP level 3. HP: 33/33 MP: 3/3
   964 | D:2      | Noticed Sigmund
   975 | D:2      | Killed Sigmund
   976 | D:2      | Reached skill level 5 in Unarmed Combat
   976 | D:2      | Reached XP level 4. HP: 25/41 MP: 4/4
   976 | D:2      | Reached XP level 5. HP: 30/48 MP: 5/5
  1313 | D:2      | Found a runed translucent door.
  1314 | D:2      | Noticed Crazy Yiuf
  1655 | D:2      | Reached XP level 6. HP: 54/55 MP: 6/6
  1698 | D:2      | Found a hazy altar of Hepliaklqana.
  1748 | D:2      | Found Veerey's Antique Armour Shop.
  2697 | D:3      | Learned a level 2 spell: Blink
  2783 | D:3      | Found a radiant altar of Vehumet.
  3091 | D:4      | Noticed Menkaure
  3096 | D:4      | Killed Menkaure
  3097 | D:4      | Reached XP level 7. HP: 16/62 MP: 7/7
  3288 | D:4      | Noticed Eustachio
  3297 | D:4      | Killed Eustachio
  3453 | D:4      | Found a glowing silver altar of Zin.
  3461 | D:4      | Found a hazy altar of Hepliaklqana.
  3830 | D:5      | Entered Level 5 of the Dungeon
  3896 | D:5      | Reached skill level 3 in Fighting
  4069 | D:5      | Reached skill level 4 in Fighting
  4069 | D:5      | Reached XP level 8. HP: 78/78 MP: 8/8
  4075 | D:4      | Found a broken altar of Ashenzari.
  4075 | D:4      | Found a glowing golden altar of the Shining One.
  4207 | D:5      | Reached skill level 5 in Fighting
  4457 | D:5      | Reached skill level 6 in Fighting
  4655 | D:6      | Found a staircase to the Ecumenical Temple.
  4670 | D:5      | Reached skill level 7 in Fighting
  5030 | D:6      | Reached skill level 8 in Fighting
  5145 | D:6      | Reached skill level 9 in Fighting
  5357 | D:6      | Noticed Grinder
  5371 | D:6      | Reached skill level 10 in Fighting
  5371 | D:6      | Reached XP level 9. HP: 87/101 MP: 9/9
  5375 | D:6      | Killed Grinder
  5496 | D:6      | Got the Codex of Percussion
  5580 | Temple   | Entered the Ecumenical Temple
  5602 | Temple   | Became a worshipper of Gozag Ym Sagoz the Greedy
  5687 | D:6      | Reached skill level 5 in Shapeshifting
  6000 | D:6      | Identified the +1 ring mail "Izxi" {Str+3}
  6518 | D:7      | Noticed a hornet
  6524 | D:7      | Killed a hornet
  6526 | D:7      | Noticed a hornet
  6541 | D:7      | Killed a hornet
  7069 | D:7      | Found a basalt altar of Yredelemnul.
  7772 | D:8      | Noticed a cyclops
  7801 | D:8      | Killed a cyclops
  7802 | D:8      | Reached skill level 5 in Dodging
  7802 | D:8      | Reached XP level 10. HP: 17/110 MP: 10/10
  7922 | D:8      | Noticed a cyclops
  8060 | D:8      | Killed a cyclops
  8184 | D:8      | Reached skill level 1 in Evocations
  8727 | D:8      | Noticed a two-headed ogre
  8731 | D:8      | Noticed a deep elf pyromancer
  8749 | D:7      | Mangled by a two-headed ogre

Illustrated notes

Levels and vault maps discovered:
D:1:      sevenhm_arrival_forest_fort_small_5, layout_basic,
          hangedman_abyss_or_decor_stabs, minmay_misc_feat_square,
          roderic_filled_cross, kennysheep_boxes
D:2:      layout_loops_ring, serial_shops, shop, basic_altar,
          uniq_crazy_yiuf_cottage, uniq_sigmund
D:3:      layout_basic, nicolae_vehumet_radiance, serial_bayou,
          serial_bayou_pond_b, serial_bayou_shore_a, serial_bayou_shore_b,
          serial_bayou_lagoon_a
D:4:      layout_gridville, nicolae_overflow_hidden_temple,
          chequers_serial_rivers_marsh, uniq_eustachio, uniq_menkaure
D:5:      layout_gridville
D:6:      corexii_shantytown, layout_basic, minmay_temple_entry_statues_pillars,
          skrybe_limestone_x, minmay_quadrilaterals, uniq_grinder
D:7:      layout_cave_pools, lemuel_zombie_altar_yredelemnul,
          serial_column_ruins, column_ruins_open_tiny,
          column_ruins_columns_water, column_ruins_corridor_corner,
          column_ruins_corridor_dead_end, column_ruins_columns_dead_end
D:8:      layout_loops_cross, tgw_kikubaaqudgha, minmay_diamond_spiral
Temple:   nicolae_temple_figure_eight

Skill      XL: |  1  2  3  4  5  6  7  8  9 10 |
---------------+-------------------------------+-----
Unarmed Combat | 3 5 7 8 |  8.0
Fighting       | 4 10 | 10.0
Shapeshifting  | 7 |  7.0
Dodging        | 5 6 |  6.0
Evocations     | 2 |  2.9

Action                     |  1- 3 |  4- 6 |  7- 9 | 10-12 || total
---------------------------+-------+-------+-------+-------++-------
  Melee: Unarmed           |    54 |   140 |   230 |    45 ||   469
         Headbutt          |     5 |    18 |    54 |    13 ||    90
         Punch             |       |     2 |     5 |     5 ||    12
  Evoke: Wand              |       |       |     5 |     5 ||    10
    Use: Potion            |       |       |     1 |       ||     1
   Stab: Paralysed         |       |       |     5 |       ||     5
         Distracted        |       |       |     1 |       ||     1
 Armour: Animal skin       |    29 |     1 |       |       ||    30
         Robe              |       |    74 |   153 |    34 ||   261
         Skin              |       |       |     7 |       ||     7
  Dodge: Dodged            |    15 |    62 |    70 |    19 ||   166

Table legend: (Time is in decaauts)
 A = Elapsed time spent in this place.
 B = Non-inter-level travel time spent in this place.
 C = Inter-level travel time spent in this place.
 D = Time resting spent in this place.
 E = Time spent auto-exploring this place.
 F = Levels seen in this place.
 G = Mean time per level.
                   A        B        C        D        E       F      G
               +--------+--------+--------+--------+--------+-----+--------+
         Total |   8693 |   8278 |    415 |    248 |   6937 |   9 |  965.9 |
       Dungeon |   8650 |   8277 |    373 |    248 |   6937 |   8 | 1081.2 |
        Temple |     42 |      1 |     41 |      0 |      0 |   1 |   42.0 |
               +--------+--------+--------+--------+--------+-----+--------+

Top non-repeatable levels by time:
     D:6: 1494 daAuts
     D:2: 1268 daAuts
     D:7: 1229 daAuts
     D:8: 1087 daAuts
     D:5: 1023 daAuts
     D:1: 961 daAuts
     D:4: 891 daAuts
     D:3: 694 daAuts
  Temple: 42 daAuts
